[Event "POR-chT 1st League 2017"]
[Site "Leiria"]
[Date "2017.07.21"]
[Round "7"]
[White "Leao, Tiago Miguel Da Sil"]
[Black "Maisuradze, Nino"]
[Result "0-1"]
[ECO "B40"]
[WhiteElo "2075"]
[BlackElo "2266"]
[Annotator "NA"]
[PlyCount "62"]
[EventDate "2017.??.??"]
[EventType "team-tourn"]
[EventCountry "POR"]
[SourceTitle "playchess.com"]
[Source "ChessBase"]
[SourceQuality "1"]
[TimeControl "5400+30"]

1. e4 c5 2. Nf3 e6 3. d4 cxd4 4. Nxd4 Nf6 5. Bd3 Nc6 6. Nxc6 bxc6 7. O-O e5 8. Qe2 Bc5 9. Be3 Qb6 10. Bxc5 Qxc5 11. Nd2 O-O 12. Nc4 Re8 13. Qe3 Qxe3 14. Nxe3 Rb8 15. b3 d5 16. f3 Be6 17. Rad1 a5 18. a4 Rb4 19. exd5 cxd5 20. Bb5 Rc8 21. Rfe1 g6 22. Rd2 Kg7 23. Red1 h5 24. Nxd5 Nxd5 25. Rxd5 Bxd5 26. Rxd5 Rd4 27. Rxe5 Rxc2 28. Be2 Rb2 29. Kf1 Kf6 30. Rxa5 Rdd2 31. Ra6+ Ke5 0-1

[Event "POR-chT 1st League 2017"]
[Site "Leiria"]
[Date "2017.07.21"]
[Round "7"]
[White "Tubio Agrasar, Pablo"]
[Black "Hammes, Michael"]
[Result "1/2-1/2"]
[ECO "C00"]
[WhiteElo "1988"]
[BlackElo "2349"]
[Annotator "NA"]
[PlyCount "80"]
[EventDate "2017.??.??"]
[EventType "team-tourn"]
[EventCountry "POR"]
[SourceTitle "playchess.com"]
[Source "ChessBase"]
[SourceQuality "1"]
[TimeControl "5400+30"]

1. e4 e6 2. d4 d5 3. Bd3 c5 4. exd5 exd5 5. Nf3 c4 6. Be2 Bd6 7. O-O Nc6 8. b3 cxb3 9. axb3 Nge7 10. c4 O-O 11. Ba3 Bg4 12. Bb2 Re8 13. h3 Bh5 14. Re1 a6 15. Bc3 f6 16. c5 Bc7 17. Nbd2 Qd7 18. b4 Ng6 19. b5 axb5 20. Bxb5 Nf4 21. Bf1 g5 22. Qb3 Rab8 23. Rxe8+ Rxe8 24. Rb1 Rb8 25. g3 Nxh3+ 26. Bxh3 Qxh3 27. Qxd5+ Bf7 28. Nxg5 Qxg3+ 29. fxg3 Bxd5 30. Nge4 Kg7 31. Kf2 Ne7 32. g4 Ra8 33. Ra1 Rd8 34. Ng3 Kg6 35. Nf3 Bf4 36. Re1 Rd7 37. Ne2 Bc7 38. Ng3 Bxg3+ 39. Kxg3 Nc6 40. Nh4+ Kf7 1/2-1/2

[Event "POR-chT 1st League 2017"]
[Site "Leiria"]
[Date "2017.07.22"]
[Round "8"]
[White "Trigo Urquijo, Sergio"]
[Black "Neto, Horacio"]
[Result "1-0"]
[ECO "B25"]
[WhiteElo "2389"]
[BlackElo "2162"]
[Annotator "NA"]
[PlyCount "67"]
[EventDate "2017.??.??"]
[EventType "team-tourn"]
[EventCountry "POR"]
[SourceTitle "playchess.com"]
[Source "ChessBase"]
[SourceQuality "1"]
[TimeControl "5400+30"]

1. e4 c5 2. Nc3 Nc6 3. g3 g6 4. Bg2 Bg7 5. d3 d6 6. f4 e6 7. Nf3 Nge7 8. O-O O-O 9. Be3 Nd4 10. e5 Nxf3+ 11. Qxf3 Nf5 12. Bf2 Nd4 13. Qd1 d5 14. Na4 b6 15. b4 f6 16. bxc5 fxe5 17. c3 Nc6 18. cxb6 exf4 19. bxa7 fxg3 20. hxg3 Nxa7 21. Nb6 Rxf2 22. Nxa8 Rxf1+ 23. Qxf1 Bxc3 24. Rc1 Bd4+ 25. Kh2 Qg5 26. Rc7 Qh5+ 27. Bh3 g5 28. Kg2 Qg6 29. Qe2 Kh8 30. Nb6 Bxb6 31. Qb2+ d4 32. Qxb6 Qxd3 33. Qb2 Ba6 34. Rxa7 1-0

[Event "POR-chT 1st League 2017"]
[Site "Leiria"]
[Date "2017.07.22"]
[Round "8"]
[White "Hammes, Michael"]
[Black "Padeiro, Jose"]
[Result "1/2-1/2"]
[ECO "D10"]
[WhiteElo "2349"]
[BlackElo "2276"]
[Annotator "NA"]
[PlyCount "56"]
[EventDate "2017.??.??"]
[EventType "team-tourn"]
[EventCountry "POR"]
[SourceTitle "playchess.com"]
[Source "ChessBase"]
[SourceQuality "1"]
[TimeControl "5400+30"]

1. d4 d5 2. c4 c6 3. Nc3 Nf6 4. e3 a6 5. Nf3 g6 6. a4 Bg7 7. a5 O-O 8. Be2 Ne4 9. O-O Nxc3 10. bxc3 c5 11. cxd5 cxd4 12. cxd4 Qxd5 13. Nd2 Nc6 14. Nc4 Rb8 15. Bb2 Qd8 16. Qd2 Na7 17. Rfd1 Bd7 18. d5 Bxb2 19. Qxb2 Bb5 20. e4 Rc8 21. Qd4 Bxc4 22. Bxc4 Nb5 23. Bxb5 axb5 24. Qb4 Qd7 25. Rab1 Rc4 26. Qxb5 Qxb5 27. Rxb5 Rxe4 28. g3 Ra8 1/2-1/2

[Event "POR-chT 1st League 2017"]
[Site "Leiria"]
[Date "2017.07.22"]
[Round "8"]
[White "Barrero Garcia, Carlos"]
[Black "Tubio Agrasar, Pablo"]
[Result "1-0"]
[ECO "A05"]
[WhiteElo "2309"]
[BlackElo "1988"]
[Annotator "NA"]
[PlyCount "93"]
[EventDate "2017.??.??"]
[EventType "team-tourn"]
[EventCountry "POR"]
[SourceTitle "playchess.com"]
[Source "ChessBase"]
[SourceQuality "1"]
[TimeControl "5400+30"]

1. Nf3 Nf6 2. c4 g6 3. Nc3 c5 4. d4 Bg7 5. d5 d6 6. e4 O-O 7. h3 Na6 8. Bd3 Nc7 9. O-O Rb8 10. Re1 e5 11. a3 Nh5 12. Rb1 Bd7 13. b4 b6 14. Bc2 Qc8 15. Ba4 Bxa4 16. Qxa4 cxb4 17. axb4 b5 18. cxb5 Qb7 19. Bd2 Nxb5 20. Nxb5 Qxb5 21. Qxb5 Rxb5 22. Nh2 Nf4 23. Ra1 Bh6 24. Kf1 Kg7 25. Red1 Rb7 26. Ra6 Rd8 27. Ng4 Bg5 28. h4 Be7 29. g3 Nh5 30. Ne3 Rc8 31. Rda1 Rcc7 32. Ke2 Nf6 33. Kd3 Nd7 34. Nc4 Nb8 35. R6a4 Bf8 36. Na5 Rb5 37. Rc1 Rxc1 38. Bxc1 a6 39. Kc4 Nd7 40. Ra2 f5 41. f3 Nb6+ 42. Kb3 Nd7 43. Kc4 Nb6+ 44. Kc3 Na8 45. Nc6 Nc7 46. Kc4 Rb7 47. Bg5 1-0

[Event "POR-chT 1st League 2017"]
[Site "Leiria"]
[Date "2017.07.22"]
[Round "8"]
[White "Ulyanovskyy, Viktor"]
[Black "Guerra, Victor"]
[Result "1-0"]
[ECO "B20"]
[WhiteElo "2219"]
[BlackElo "2136"]
[Annotator "NA"]
[PlyCount "99"]
[EventDate "2017.??.??"]
[EventType "team-tourn"]
[EventCountry "POR"]
[SourceTitle "playchess.com"]
[Source "ChessBase"]
[SourceQuality "1"]
[TimeControl "5400+30"]

1. e4 c5 2. c4 e6 3. Nc3 Nc6 4. d3 a6 5. f4 d6 6. Nf3 Nf6 7. Be2 Be7 8. O-O O-O 9. h3 d5 10. e5 Nh5 11. Kh2 g6 12. d4 dxc4 13. dxc5 Bxc5 14. Bxc4 Ng7 15. Ne4 Be7 16. Be3 b5 17. Be2 Nb4 18. Qxd8 Rxd8 19. Bb6 Rf8 20. Nf6+ Bxf6 21. exf6 Nh5 22. Bc5 Nd5 23. Bxf8 Kxf8 24. g3 Nhxf6 25. a4 b4 26. a5 h5 27. h4 Ng4+ 28. Kg1 Bb7 29. Ne5 Nge3 30. Rfc1 Rd8 31. Nd3 Nf5 32. Kf2 Nf6 33. Nc5 Bc8 34. Rd1 Re8 35. Bxa6 e5 36. Bxc8 Ng4+ 37. Kf3 Rxc8 38. a6 Rxc5 39. a7 Nh2+ 40. Ke2 Nxg3+ 41. Kf2 exf4 42. a8=Q+ Kg7 43. Rac1 Re5 44. Re1 Ng4+ 45. Kf3 Rf5 46. Qd8 Nf6 47. Rc8 g5 48. hxg5 Rxg5 49. Qh8+ Kg6 50. Rc6 1-0

[Event "POR-chT 1st League 2017"]
[Site "Leiria"]
[Date "2017.07.22"]
[Round "8"]
[White "Santos, Jose Alves"]
[Black "Sousa, Andre Ventura"]
[Result "0-1"]
[ECO "C65"]
[WhiteElo "2196"]
[BlackElo "2368"]
[Annotator "NA"]
[PlyCount "80"]
[EventDate "2017.??.??"]
[EventType "team-tourn"]
[EventCountry "POR"]
[SourceTitle "playchess.com"]
[Source "ChessBase"]
[SourceQuality "1"]
[TimeControl "5400+30"]

1. e4 e5 2. Nf3 Nc6 3. Bb5 Nf6 4. d4 Nxd4 5. Nxd4 exd4 6. e5 c6 7. exf6 Qa5+ 8. c3 Qxb5 9. Qxd4 gxf6 10. Qxf6 Rg8 11. a4 Qd5 12. Be3 Rxg2 13. Nd2 Rg6 14. Qf3 Qxf3 15. Nxf3 d6 16. h4 Bg4 17. Nd4 h5 18. Kd2 c5 19. Nc2 Be7 20. Rae1 Kd7 21. Bf4 Rag8 22. b4 Rf6 23. Bg3 Bf3 24. Rhg1 cxb4 25. cxb4 Rg4 26. Kc3 d5 27. Be5 Rc6+ 28. Kb3 Rgc4 29. b5 Rc8 30. Rg3 Be4 31. Nd4 Rb4+ 32. Ka2 Rxa4+ 33. Kb3 Rb4+ 34. Ka2 Rcc4 35. f3 Ra4+ 36. Kb2 Rcb4+ 37. Nb3 Bg6 38. Rc1 Rxb5 39. Rc7+ Ke6 40. Bc3 Ba3+ 0-1

[Event "POR-chT 1st League 2017"]
[Site "Leiria"]
[Date "2017.07.22"]
[Round "8"]
[White "Reis, Luis Sousa"]
[Black "Sousa, Andre Ventura"]
[Result "*"]
[ECO "C65"]
[WhiteElo "2182"]
[BlackElo "2368"]
[Annotator "NA"]
[PlyCount "65"]
[EventDate "2017.??.??"]
[EventType "team-tourn"]
[EventCountry "POR"]
[SourceTitle "playchess.com"]
[Source "ChessBase"]
[SourceQuality "1"]
[TimeControl "5400+30"]

1. e4 e5 2. Nf3 Nc6 3. Bb5 Nf6 4. d4 Nxd4 5. Nxd4 exd4 6. e5 c6 7. exf6 Qa5+ 8. c3 Qxb5 9. Qxd4 gxf6 10. Qxf6 Rg8 11. a4 Qd5 12. Be3 Rxg2 13. Nd2 Rg6 14. Qf3 Qxf3 15. Nxf3 d6 16. h4 Bg4 17. Nd4 h5 18. Kd2 c5 19. Nc2 Be7 20. Rae1 Kd7 21. Bf4 Rag8 22. b4 Rf6 23. Bg3 Bf3 24. Rhg1 cxb4 25. cxb4 Rg4 26. Kc3 d5 27. Be5 Rc6+ 28. Kb3 Rgc4 29. b5 Rc8 30. Rg3 Be4 31. Nd4 Rb4+ 32. Ka2 Rxa4+ 33. Kb3 *

[Event "POR-chT 1st League 2017"]
[Site "Leiria"]
[Date "2017.07.22"]
[Round "8"]
[White "Leao, Tiago Miguel Da Sil"]
[Black "Lombaers, Peter"]
[Result "0-1"]
[ECO "B48"]
[WhiteElo "2075"]
[BlackElo "2327"]
[Annotator "NA"]
[PlyCount "136"]
[EventDate "2017.??.??"]
[EventType "team-tourn"]
[EventCountry "POR"]
[SourceTitle "playchess.com"]
[Source "ChessBase"]
[SourceQuality "1"]
[TimeControl "5400+30"]

1. e4 c5 2. Nf3 e6 3. d4 cxd4 4. Nxd4 Nc6 5. Nc3 Qc7 6. Be3 a6 7. Qf3 d6 8. O-O-O Bd7 9. Qg3 Nf6 10. f4 g6 11. Bd3 Bg7 12. f5 O-O 13. h4 Rfe8 14. fxg6 hxg6 15. h5 Nxd4 16. Bxd4 Nxh5 17. Rxh5 Bxd4 18. Rf1 Be5 19. Qf3 Bc6 20. Rg5 Qe7 21. Qg4 Kg7 22. Nd5 exd5 23. exd5 Qxg5+ 24. Qxg5 Bxd5 25. b3 b5 26. Kd1 Rac8 27. Qg4 Be6 28. Bf5 Bxf5 29. Rxf5 Bc3 30. Rf1 b4 31. Qd7 Rf8 32. Ke2 Bf6 33. Kd1 Rcd8 34. Qa7 Ra8 35. Qd7 a5 36. Qb7 Bc3 37. Ke2 Rae8+ 38. Kd3 Re5 39. a4 Rg5 40. Rf3 d5 41. g3 Rh5 42. Rf2 Re5 43. Qc7 Re1 44. Qd7 Rg1 45. Rf3 Rg2 46. Qe7 Rd2+ 47. Ke3 Rxc2 48. g4 Rb2 49. g5 Rxb3 50. Ke2 Rb2+ 51. Kf1 Ra2 52. Qc7 Rxa4 53. Rxc3 bxc3 54. Qxc3+ Kg8 55. Qb3 Rf4+ 56. Ke2 Rf5 57. Qa4 Rxg5 58. Qxa5 Re8+ 59. Kf3 Rf5+ 60. Kg3 Re3+ 61. Kg2 Re4 62. Kh3 Kh7 63. Qa8 Ree5 64. Kg4 d4 65. Qd8 Rd5 66. Qh4+ Kg7 67. Qe1 d3 68. Qa1+ Rfe5 0-1

[Event "POR-chT 1st League 2017"]
[Site "Leiria"]
[Date "2017.07.22"]
[Round "8"]
[White "Trindade, Rui Jorge Rodrigues"]
[Black "Diogo, Vasco"]
[Result "1-0"]
[ECO "A48"]
[WhiteElo "2033"]
[BlackElo "2213"]
[Annotator "NA"]
[PlyCount "90"]
[EventDate "2017.??.??"]
[EventType "team-tourn"]
[EventCountry "POR"]
[SourceTitle "playchess.com"]
[Source "ChessBase"]
[SourceQuality "1"]
[TimeControl "5400+30"]

1. d4 Nf6 2. Nf3 g6 3. Bf4 Bg7 4. e3 O-O 5. Be2 b6 6. O-O Bb7 7. c4 d6 8. h3 Nbd7 9. Nc3 Re8 10. Qc2 e5 11. dxe5 dxe5 12. Bh2 Qe7 13. Rad1 c6 14. a3 a5 15. Rd2 e4 16. Nd4 Ne5 17. Qb3 c5 18. Ndb5 Nf3+ 19. Bxf3 exf3 20. Nc7 fxg2 21. Rfd1 Bf3 22. Nxe8 Nxe8 23. Qxb6 Bxc3 24. bxc3 Bxd1 25. Rxd1 Kg7 26. Qc6 Ra7 27. Rd5 Qe6 28. Qxe6 fxe6 29. Be5+ Kf7 30. Rxc5 Nf6 31. Bxf6 Kxf6 32. Kxg2 Ke7 33. a4 Kd6 34. Rb5 h6 35. Kf3 Rf7+ 36. Kg3 Ra7 37. f4 Ra8 38. Kf3 Ke7 39. Ke4 Kf6 40. c5 Ra6 41. Rb6 Ra7 42. c6 g5 43. fxg5+ Kxg5 44. Ke5 Kh4 45. Rb7 Ra6 {[%emt 0:00:11] Kd5} 1-0

[Event "POR-chT 1st League 2017"]
[Site "Leiria"]
[Date "2017.07.23"]
[Round "9"]
[White "Sousa, Andre Ventura"]
[Black "Santos, Antonio P"]
[Result "1-0"]
[ECO "B31"]
[WhiteElo "2368"]
[BlackElo "2237"]
[Annotator "NA"]
[PlyCount "83"]
[EventDate "2017.??.??"]
[EventType "team-tourn"]
[EventCountry "POR"]
[SourceTitle "playchess.com"]
[Source "ChessBase"]
[SourceQuality "1"]
[TimeControl "5400+30"]

1. e4 c5 2. Nf3 Nc6 3. Bb5 g6 4. O-O Bg7 5. Nc3 Nd4 6. Ba4 a6 7. Nxd4 cxd4 8. Ne2 b5 9. Bb3 Bb7 10. d3 d5 11. Ng3 e6 12. f4 dxe4 13. dxe4 Nf6 14. e5 Ne4 15. Nxe4 Bxe4 16. Qe2 Bd5 17. Rd1 Bxb3 18. axb3 Qb6 19. Qf2 O-O 20. Qxd4 Qc7 21. Qe4 Rfc8 22. Be3 Bf8 23. c3 Bc5 24. h4 h5 25. Kh2 Bxe3 26. Qxe3 a5 27. Rd6 a4 28. Qb6 Qe7 29. g3 a3 30. Rxa3 Rxa3 31. bxa3 Qc7 32. Qxc7 Rxc7 33. Rd8+ Kg7 34. Rb8 Rxc3 35. Rxb5 Kf8 36. a4 Rc2+ 37. Kg1 Ra2 38. a5 g5 39. fxg5 Kg7 40. b4 Kg6 41. Rb7 Ra4 42. Kf2 1-0

[Event "POR-chT 1st League 2017"]
[Site "Leiria"]
[Date "2017.07.23"]
[Round "9"]
[White "Diogo, Vasco"]
[Black "Maisuradze, Nino"]
[Result "1/2-1/2"]
[ECO "B32"]
[WhiteElo "2213"]
[BlackElo "2266"]
[Annotator "NA"]
[PlyCount "39"]
[EventDate "2017.??.??"]
[EventType "team-tourn"]
[EventCountry "POR"]
[SourceTitle "playchess.com"]
[Source "ChessBase"]
[SourceQuality "1"]
[TimeControl "5400+30"]

1. e4 c5 2. Nf3 Nc6 3. d4 cxd4 4. Nxd4 e5 5. Nb5 d6 6. c4 Be7 7. N1c3 a6 8. Na3 f5 9. exf5 Bxf5 10. Bd3 Be6 11. Qh5+ Bf7 12. Qh3 Nf6 13. O-O Nd4 14. Bg5 Be6 15. Qh4 Nf5 16. Qh3 Nd4 17. Qh4 Nf5 18. Qh3 Nd4 19. Qh4 Nf5 20. Qh3 1/2-1/2

[Event "POR-chT 1st League 2017"]
[Site "Leiria"]
[Date "2017.07.23"]
[Round "9"]
[White "Carneiro, Carlos"]
[Black "Hammes, Michael"]
[Result "1/2-1/2"]
[ECO "D37"]
[WhiteElo "2175"]
[BlackElo "2349"]
[Annotator "NA"]
[PlyCount "59"]
[EventDate "2017.??.??"]
[EventType "team-tourn"]
[EventCountry "POR"]
[SourceTitle "playchess.com"]
[Source "ChessBase"]
[SourceQuality "1"]
[TimeControl "5400+30"]

1. d4 e6 2. c4 Nf6 3. Nf3 d5 4. Nc3 a6 5. cxd5 exd5 6. Bg5 Be6 7. e3 Nbd7 8. Be2 Bd6 9. O-O c6 10. Qc2 Qc7 11. Rab1 Bg4 12. h3 Bh5 13. e4 Bg6 14. Bd3 Nxe4 15. Nxe4 dxe4 16. Bxe4 O-O 17. Nh4 Bxe4 18. Qxe4 Rfe8 19. Qg4 Re6 20. Rbe1 Nf8 21. f4 Rae8 22. Rxe6 Nxe6 23. Re1 Kf8 24. Nf5 f6 25. Bxf6 gxf6 26. Qh4 Bxf4 27. Qxf6+ Qf7 28. Qh8+ Qg8 29. Qf6+ Qf7 30. Qh8+ 1/2-1/2

[Event "POR-chT 1st League 2017"]
[Site "Leiria"]
[Date "2017.07.23"]
[Round "9"]
[White "Guerra, Victor"]
[Black "Trindade, Rui Jorge Rodrigues"]
[Result "0-1"]
[ECO "D02"]
[WhiteElo "2136"]
[BlackElo "2033"]
[Annotator "NA"]
[PlyCount "76"]
[EventDate "2017.??.??"]
[EventType "team-tourn"]
[EventCountry "POR"]
[SourceTitle "playchess.com"]
[Source "ChessBase"]
[SourceQuality "1"]
[TimeControl "5400+30"]

1. d4 d5 2. Nf3 Nf6 3. g3 e6 4. Bg2 Be7 5. O-O O-O 6. c4 b6 7. cxd5 exd5 8. b3 Bb7 9. Bb2 Nbd7 10. Nc3 Ne4 11. Rc1 Ndf6 12. Ne5 Nxc3 13. Rxc3 c5 14. Rc2 Rc8 15. Bh3 Rc7 16. Qc1 Ne4 17. Rd1 Ng5 18. Bg2 Ne6 19. e4 f6 20. exd5 fxe5 21. dxe5 Rd7 22. d6 Bg5 23. Qb1 Bxg2 24. Kxg2 Qa8+ 25. Kg1 Qf3 26. Re1 Nf4 27. gxf4 Rxf4 28. Bc1 Rg4+ 29. Kf1 Qh3+ 30. Ke2 Re4+ 31. Be3 Bxe3 32. Rc3 Qg4+ 33. Kf1 Qh3+ 34. Ke2 Rxe5 35. fxe3 Qg2+ 36. Kd3 Rxd6+ 37. Kc4 Qd5+ 38. Kb5 Qc6+ 0-1

[Event "POR-chT 1st League 2017"]
[Site "Leiria"]
[Date "2017.07.23"]
[Round "9"]
[White "Cavaleiro, Daniel Felipe Costa"]
[Black "Ulyanovskyy, Viktor"]
[Result "1-0"]
[ECO "A43"]
[WhiteElo "2006"]
[BlackElo "2219"]
[Annotator "NA"]
[PlyCount "57"]
[EventDate "2017.??.??"]
[EventType "team-tourn"]
[EventCountry "POR"]
[SourceTitle "playchess.com"]
[Source "ChessBase"]
[SourceQuality "1"]
[TimeControl "5400+30"]

1. d4 c5 2. d5 f5 3. e4 fxe4 4. Nc3 Nf6 5. Nge2 g6 6. Ng3 Bg7 7. Ngxe4 Nxe4 8. Nxe4 d6 9. Qf3 Bf5 10. g4 Bxe4 11. Qxe4 Qa5+ 12. Bd2 Qb6 13. c3 Qxb2 14. Rb1 Qxa2 15. Bc4 Qa3 16. Rxb7 Nd7 17. O-O O-O-O 18. Rfb1 Be5 19. f4 Nb6 20. Rxe7 Rde8 21. Rxe8+ Rxe8 22. fxe5 Rxe5 23. Qf4 Qa4 24. Bb5 Qxf4 25. Bxf4 Re4 26. Bxd6 Rxg4+ 27. Kf2 Nxd5 28. Bc6 Nb6 29. Re1 1-0

[Event "POR-chT 1st League 2017"]
[Site "Leiria"]
[Date "2017.07.23"]
[Round "9"]
[White "Tubio Agrasar, Pablo"]
[Black "Figuero Toro, Julian Francisco"]
[Result "1/2-1/2"]
[ECO "B10"]
[WhiteElo "1988"]
[BlackElo "2314"]
[Annotator "NA"]
[PlyCount "59"]
[EventDate "2017.??.??"]
[EventType "team-tourn"]
[EventCountry "POR"]
[SourceTitle "playchess.com"]
[Source "ChessBase"]
[SourceQuality "1"]
[TimeControl "5400+30"]

1. e4 c6 2. Nc3 g6 3. d4 Bg7 4. Bc4 d6 5. Nf3 Nf6 6. Bb3 O-O 7. O-O d5 8. e5 Ne8 9. Ne2 f6 10. c4 Nc7 11. cxd5 cxd5 12. exf6 exf6 13. Nf4 Nc6 14. h3 Ne7 15. Re1 Rf7 16. Bd2 a5 17. Rc1 Nc6 18. Rc5 Rd7 19. Rc3 Bf8 20. a3 Rf7 21. Rce3 Re7 22. Bc1 Rxe3 23. Rxe3 Ne7 24. Nh2 Ra6 25. Qf3 Kg7 26. Re1 Nf5 27. Rd1 Nh4 28. Qg3 Nf5 29. Qf3 Nh4 30. Qg3 1/2-1/2